 Dungeon Crawl Stone Soup version 0.23.0 (webtiles) character file.

Game seed: 13262326470401151657

30987 MalarOregon the Fighter (level 13, -10/104 HPs)
             Began as a Merfolk Venom Mage on Feb 14, 2019.
             Was a High Priest of Sif Muna.
             Mangled by a spiny frog (20 damage)
             ... on level 6 of the Lair of Beasts.
             The game lasted 01:02:44 (17615 turns).

MalarOregon the Fighter (Merfolk Venom Mage)       Turns: 17615, Time: 01:02:45

Health: -10/104    AC: 20    Str:  9    XL:     13   Next: 55%
Magic:  18/27      EV: 15    Int: 19    God:    Sif Muna [*****.]
Gold:   1114       SH:  0    Dex: 17    Spells: 2/32 levels left

rFire    . . .     SeeInvis .   b - +2 hand crossbow (freeze)
rCold    . . .     Gourm    .   (no shield)
rNeg     . . .     Faith    .   K - +6 leather armour "Zoynu" {Dex+3}
rPois    .         Spirit   .   N - +2 helmet
rElec    .         Reflect  .   w - +2 cloak {MR+}
rCorr    .         Harm     .   f - +2 pair of gloves
MR       +....                  (no boots)
Stlth    ++........             k - amulet of regeneration
HPRegen  0.67/turn              (no ring)
MPRegen  0.20/turn              (no ring)

@: lethally poisoned (-10 -> -11), divine energy
A: change form in water, swift swim, stealthy swim
a: Stop Divine Energy, Channel Magic, Forget Spell, Renounce Religion


You were on level 6 of the Lair of Beasts.
You worshipped Sif Muna.
Sif Muna was extremely pleased with you.
You were very hungry.

You visited 3 branches of the dungeon, and saw 17 of its levels.
You also visited: Bailey.

You collected 1114 gold pieces.

Inventory:

Hand Weapons
 a - a +3 lajatang of electrocution
   (You found it on level 5 of the Dungeon)
 b - a +2 hand crossbow of freezing (weapon)
   (You found it in a bailey)
 z - the +3 hand axe of Beyond {flame, rF- Dex+3 SInv}
   (You found it on level 5 of the Dungeon)

   It has been specially enchanted to burn those struck by it, causing extra
   injury to most foes and up to half again as much damage against particularly
   susceptible opponents.
   Big, fiery blades are also staple armaments of hydra-hunters.
   It affects your dexterity (+3).
   It makes you vulnerable to fire.
   It lets you see invisible.
Missiles
 n - 84 bolts (quivered)
 u - 54 tomahawks of returning
 J - 2 throwing nets {!f}
Armour
 f - a +2 pair of gloves (worn)
   (You found it on level 1 of the Dungeon)
 w - a +2 cloak of magic resistance (worn)
   (You took it off Maurice on level 8 of the Dungeon)
 B - a +0 ring mail of fire resistance
   (You found it on level 2 of the Lair of Beasts)
 K - the +6 leather armour "Zoynu" (worn) {Dex+3}
   (You found it on level 9 of the Dungeon)

   It affects your dexterity (+3).
 L - the cursed +0 robe of Recklessness {rCorr Dex+4, unknown}
   (You found it on level 2 of the Lair of Beasts)

   It affects your dexterity (+4).
   It provides partial protection from all sources of acid and corrosion.
   It has a curse placed upon it.
 N - a +2 helmet (worn)
   (You found it on level 3 of the Lair of Beasts)
Magical Staves
 Q - an uncursed staff of conjuration {!a}
   (You found it on level 5 of the Lair of Beasts)
Jewellery
 k - an amulet of regeneration (around neck)
   (You found it on level 4 of the Dungeon)
 M - a +3 amulet of reflection
   (You found it on level 1 of the Dungeon)
Wands
 c - a wand of disintegration (13)
   (You found it on level 5 of the Dungeon)
 d - a wand of iceblast (22)
   (You found it on level 2 of the Dungeon)
 g - a wand of enslavement (7)
   (You took it off Joseph on level 8 of the Dungeon)
 t - a wand of flame (8)
   (You found it on level 5 of the Dungeon)
 v - a wand of digging (10)
   (You found it on level 2 of the Lair of Beasts)
 x - a wand of acid (16)
   (You found it on level 2 of the Lair of Beasts)
 y - a wand of polymorph (11)
   (You found it on level 3 of the Dungeon)
Scrolls
 h - 4 scrolls of remove curse {@r2}
 j - 9 scrolls of identify {@r1}
 p - 3 scrolls of immolation {!r}
 A - 2 scrolls of teleportation {@r4}
 C - a scroll of magic mapping
 E - a scroll of vulnerability {unknown}
 F - 5 scrolls of blinking
 P - 2 scrolls of fear
 R - a scroll of brand weapon {unknown}
Potions
 i - 3 potions of flight
 l - 3 potions of invisibility
 m - 3 potions of curing {@q1}
 o - 4 potions of brilliance
 q - 3 potions of mutation {!q}
 r - a potion of agility
 s - a potion of magic
 D - a potion of lignification {!q}
 G - 2 potions of cancellation
 H - a potion of might
 I - a potion of haste {@q3}
 O - a potion of heal wounds {@q2}
Comestibles
 e - 21 rations {!d}


   Skills:
 - Level 10.6 Fighting
 + Level 7.7 Armour
 + Level 5.4 Dodging
 - Level 2.1 Stealth
 - Level 10.0 Spellcasting
 - Level 1.0 Conjurations
 - Level 5.6 Hexes
 + Level 5.6 Summonings
 + Level 1.6 Translocations
 - Level 5.0 Ice Magic
 - Level 5.0 Air Magic
 - Level 10.0 Poison Magic


You had 2 spell levels left.
You knew the following spells:

 Your Spells              Type           Power        Failure   Level  Hunger
a - Summon Ice Beast      Ice/Summ       ####....     11%         4    ##.....
b - Aura of Abjuration    Summ           ####......   26%         5    #####..
c - Blink                 Tloc           N/A          8%          2    None
d - Tukima's Dance        Hex            ####....     3%          3    None
f - Mephitic Cloud        Conj/Pois/Air  ####....     3%          3    None
s - Dazzling Spray        Conj/Hex       ###...       8%          3    None
x - Poisonous Vapours     Pois/Air       #####.       1%          2    None
y - Olgreb's Toxic Radia  Pois           #####...     1%          4    ##.....
z - Summon Lightning Spi  Summ/Air       ####....     11%         4    ##.....

Your spell library contained the following spells:

 Spells                   Type           Power        Failure   Level  Hunger
 Corona                   Hex            ####...      1%          1    None
 Freeze                   Ice            ####         1%          1    None
 Sting                    Conj/Pois      ####         1%          1    None
 Ensorcelled Hibernation  Hex/Ice        ####..       1%          2    None
 Slow                     Hex            ####....     1%          2    None
 Throw Frost              Conj/Ice       ###...       4%          2    None
 Swiftness                Chrm/Air       ###.....     5%          2    None
 Flame Tongue             Conj/Fire      ##...        8%          1    None
 Shroud of Golubria       Chrm/Tloc      ##........   11%         2    None
 Throw Flame              Conj/Fire      ##....       12%         2    None
 Confuse                  Hex            ####....     3%          3    None
 Portal Projectile        Hex/Tloc       ###...       7%          3    None
 Static Discharge         Conj/Air       ###.....     9%          3    None
 Inner Flame              Hex/Fire       ###.....     10%         3    None
 Cause Fear               Hex            ####......   10%         4    ##.....
 Ozocubu's Armour         Chrm/Ice       ###.....     11%         3    None
 Gell's Gravitas          Tloc           ###.......   14%         3    None
 Lesser Beckoning         Tloc           ###.......   14%         3    None
 Teleport Other           Tloc           ###.....     14%         3    None
 Conjure Flame            Conj/Fire      ##......     24%         3    None
 Summon Demon             Summ           ####......   26%         5    #####..
 Throw Icicle             Conj/Ice       ###.....     28%         4    ##.....
 Venom Bolt               Conj/Pois      ####......   28%         5    #####..
 Leda's Liquefaction      Hex/Erth       ###.......   30%         4    ##.....
 Metabolic Englaciation   Hex/Ice        ####......   30%         5    #####..
 Ice Form                 Ice/Tmut       ###.....     34%         4    ##.....
 Passage of Golubria      Tloc           N/A          43%         4    ##.....
 Sticky Flame             Conj/Fire      ##......     61%         4    ##.....
 Ozocubu's Refrigeration  Ice            ####......   88%         6    ######.
 Fireball                 Conj/Fire      ##........   91%         5    #####..
 Freezing Cloud           Conj/Ice/Air   ###.......   97%         6    ######.
 Bolt of Cold             Conj/Ice       ###.......   99%         6    ######.
 Simulacrum               Ice/Necr       ###.......   99%         6    ######.
 Iron Shot                Conj/Erth      ##........   100%        6    ######.
 Summon Horrible Things   Summ           ####......   100%        8    #######


Dungeon Overview and Level Annotations

Branches:
Dungeon (10/15)            Temple (1/1) D:7            Lair (6/6) D:9
 Shoals (0/4) Lair:2       Spider (0/4) Lair:3        Slime (0/5) Lair:5
    Orc: D:9-12

Altars:
Ashenzari
Cheibriados
Dithmenos
Elyvilon
Fedhas
Gozag
Hepliaklqana
Kikubaaqudgha
Makhleb
Nemelex Xobeh
Okawaru
Qazlal
Ru
Sif Muna
Trog
Uskayaw
Vehumet
Wu Jian
Xom
Yredelemnul
Zin
The Shining One
Jiyva


Message History

The polar bear claws you but does no damage.
The polar bear closely misses you.
The komodo dragon bites you but does no damage.
Firing (i - inventory. (/) - cycle)
n - 85 bolts (quivered)
Aim: a spiny frog (severely wounded, slow)
You shoot a bolt. The bolt barely misses the spiny frog.
The bolt completely misses the komodo dragon.
The wyvern looks as sick as possible!
The polar bear looks as sick as possible! x2
The komodo dragon looks even sicker.
The polar bear looks as sick as possible!
Your toxic aura wanes.
You feel sick.
The spiny frog is no longer moving slowly.
The wyvern misses you. The polar bear bites you.
* * * LOW HITPOINT WARNING * * *
The polar bear claws you but does no damage.
The polar bear barely misses you. x2; The polar bear claws you.
* * * LOW HITPOINT WARNING * * *
The polar bear barely misses you. The wyvern closely misses you.
The polar bear barely misses you. The polar bear misses you.
The polar bear claws you but does no damage.
The polar bear closely misses you. The polar bear barely misses you.
The polar bear closely misses you. The komodo dragon misses you.
The polar bear closely misses you.
The polar bear claws you but does no damage.
The polar bear misses you. The spiny frog stings you!!
* * * LOW HITPOINT WARNING * * *
The wyvern bites you but does no damage.
The polar bear bites you but does no damage.
The polar bear barely misses you. x2
Okay, then.
You blink.
You feel sick.
You feel sick.
You kill the wyvern!
Sif Muna accepts your kill.
You kill the polar bear!
Sif Muna accepts your kill.
You feel sick.
You kill the polar bear!
Sif Muna accepts your kill.
You feel sick.
You feel sick.
You kill the komodo dragon!
Sif Muna accepts your kill. The spiny frog stings you!
* * * LOW HITPOINT WARNING * * *
You feel sick. The spiny frog stings you!!
You die...

.. ...............P.#..<
.P.####.......PP.####...
.....##.......#### #.
....#.........##
..............P#
##.....h........#
#.....l...........
#.##...F..###....##
#.#..@### #.... ##.##.#
##.# ## ###


You could see a polar bear, a komodo dragon and a spiny frog.

Vanquished Creatures
  2 hydras
  Harold (D:9)
  Urug (Lair:2)
  Sonja (Lair:3)
  2 orc knights (Bailey)
  Maurice (D:8)
  3 merfolk sirens (Lair:2)
  13 elephants
  3 black mambas
  5 spiny frogs
  Joseph (D:8)
  3 rime drakes
  4 komodo dragons
  A queen bee (Lair:5)
  4 polar bears
  A merfolk (Lair:2)
  3 meliai (Lair:5)
  9 blink frogs
  A hornet (D:7)
  4 hippogriffs
  Prince Ribbit (D:8)
  Eustachio (D:4)
  2 wyverns
  24 yaks
  A basilisk (Lair:5)
  Menkaure (D:4)
  A hungry ghost (D:8)
  4 water moccasins
  6 porcupines
  2 orc warriors (Bailey)
  A sky beast (D:5)
  An ice beast (D:8)
  2 black bears
  2 phantoms
  3 ogres
  3 necrophages (Lair:2)
  3 centaurs
  8 crocodiles
  A wyvern zombie (D:8)
  22 bullfrogs
  A water moccasin skeleton (D:8)
  5 scorpions
  26 killer bees
  5 howler monkeys
  2 electric eels (D:6)
  3 crimson imps
  2 centaur zombies
  2 jellies (D:5)
  5 orc wizards
  An orc priest (D:9)
  2 hounds
  2 iguanas
  A centaur skeleton (D:5)
  Natasha (thrice) (D:4)
  4 worker ants
  A howler monkey skeleton (D:9)
  5 adders
  4 gnolls
  2 shadow imps
  3 oozes
  2 worms
  3 dart slugs
  15 leopard geckos
  9 orcs
  7 giant cockroaches
  12 goblins
  21 hobgoblins
  8 jackals
  20 kobolds
  4 quokkas
  8 bats
  9 frilled lizards
  A quokka skeleton (D:8)
  A quokka zombie (D:4)
  3 rats (D:3)
  A fungus (Lair:2)
  A plant (D:6)
356 creatures vanquished.

Vanquished Creatures (collateral kills)
  A hydra (Lair:3)
  An elephant (Lair:4)
  A water moccasin (Lair:2)
3 creatures vanquished.

Vanquished Creatures (others)
  A rime drake (Lair:5)
  5 fungi
6 creatures vanquished.

Grand Total: 365 creatures vanquished

Notes
Turn   | Place    | Note
-------+----------+-------------------------------------------
     0 | D:1      | MalarOregon the Merfolk Venom Mage began the quest for the
                  | Orb.
     0 | D:1      | Reached XP level 1. HP: 13/13 MP: 3/3
    34 | D:1      | Reached skill level 1 in Conjurations
   343 | D:1      | Reached XP level 2. HP: 20/20 MP: 0/5
   434 | D:1      | Learned a level 2 spell: Poisonous Vapours
   505 | D:1      | Reached skill level 1 in Fighting
   673 | D:1      | Reached XP level 3. HP: 21/26 MP: 4/6
  1189 | D:2      | Reached skill level 1 in Armour
  1303 | D:2      | Reached XP level 4. HP: 33/33 MP: 0/7
  1311 | D:2      | Reached skill level 1 in Air Magic
  1788 | D:3      | Learned a level 3 spell: Mephitic Cloud
  2422 | D:3      | Reached XP level 5. HP: 38/38 MP: 9/9
  2716 | D:3      | Reached XP level 6. HP: 19/46 MP: 3/10
  2938 | D:3      | Found a snail-covered altar of Cheibriados.
  3417 | D:4      | Noticed a phantom
  3442 | D:4      | Killed a phantom
  3739 | D:4      | Noticed Menkaure
  3748 | D:4      | Killed Menkaure
  3748 | D:4      | Reached XP level 7. HP: 53/53 MP: 12/12
  3838 | D:4      | Noticed Natasha
  3838 | D:4      | Noticed Eustachio
  3844 | D:4      | Killed Natasha
  3867 | D:5      | Entered Level 5 of the Dungeon
  4073 | D:4      | Killed Eustachio
  4202 | D:4      | Noticed Natasha
  4206 | D:4      | Killed Natasha
  4764 | D:4      | Noticed Natasha
  4776 | D:4      | Killed Natasha
  4776 | D:4      | Reached XP level 8. HP: 49/61 MP: 14/14
  5282 | D:5      | Got a brightly glowing hand axe
  5384 | D:5      | Reached skill level 5 in Fighting
  5849 | D:5      | Found a glowing golden altar of the Shining One.
  5985 | D:5      | Identified a scroll of acquirement
  5985 | D:5      | Identified Sif Muna's Tome of Supportive Confrontation (You
                  | acquired it on level 5 of the Dungeon)
  5991 | D:5      | Learned a level 3 spell: Tukima's Dance
  5996 | D:5      | Learned a level 4 spell: Olgreb's Toxic Radiance
  6000 | D:5      | Learned a level 3 spell: Dazzling Spray
  6013 | D:6      | Reached skill level 5 in Spellcasting
  6137 | D:6      | Found a glowing golden altar of the Shining One.
  6180 | D:6      | Found an opulent altar of Gozag.
  6430 | D:6      | Found a shattered altar of Ashenzari.
  6561 | D:6      | Found a hazy altar of Hepliaklqana.
  6564 | D:6      | Reached skill level 1 in Hexes
  6757 | D:6      | Identified the +3 hand axe of Beyond {flame, rF- Dex+3
                  | SInv} (You found it on level 5 of the Dungeon)
  6801 | D:7      | Reached XP level 9. HP: 58/69 MP: 9/17
  6908 | D:7      | Found a staircase to the Ecumenical Temple.
  6947 | Temple   | Entered the Ecumenical Temple
  7041 | Temple   | Became a worshipper of Sif Muna the Loreminder
  7172 | D:7      | Found a sacrificial altar of Ru.
  7229 | D:7      | Found a shimmering altar of Xom.
  7230 | D:7      | Found a sparkling altar of Nemelex Xobeh.
  7230 | D:7      | Found a hide-covered altar of Uskayaw.
  7282 | D:7      | Found a snail-covered altar of Cheibriados.
  7282 | D:7      | Found a white marble altar of Elyvilon.
  7282 | D:7      | Found an ancient bone altar of Kikubaaqudgha.
  7303 | D:7      | Found a hide-covered altar of Uskayaw.
  7306 | D:7      | Noticed a hornet
  7311 | D:7      | Paralysed by a hornet for 2 turns
  7313 | D:7      | Killed a hornet
  7468 | D:7      | Found a sacrificial altar of Ru.
  8109 | D:8      | Reached * piety under Sif Muna
  8129 | D:8      | Found a burning altar of Makhleb.
  8131 | D:8      | Found a radiant altar of Vehumet.
  8151 | D:8      | Noticed Joseph
  8190 | D:8      | Noticed Maurice
  8191 | D:8      | Killed Joseph
  8191 | D:8      | Reached skill level 5 in Hexes
  8191 | D:8      | Reached XP level 10. HP: 27/80 MP: 0/20
  8538 | D:8      | Found a flagged portal.
  8552 | Bailey   | Entered a bailey
  8559 | Bailey   | Learned a level 4 spell: Summon Lightning Spire
  8568 | Bailey   | Noticed an orc knight
  8574 | Bailey   | Noticed an orc knight
  8578 | Bailey   | Killed an orc knight
  8578 | Bailey   | Reached skill level 1 in Summonings
  8578 | Bailey   | Killed an orc knight
  8578 | Bailey   | Reached ** piety under Sif Muna
  9645 | D:8      | Noticed Prince Ribbit
  9660 | D:8      | Killed Prince Ribbit
  9845 | D:8      | Killed Maurice
 10335 | D:9      | Found a staircase to the Lair.
 10350 | D:9      | Found an ornate altar of the Wu Jian Council.
 10384 | D:9      | Got a slimy spear
 10407 | D:9      | Reached XP level 11. HP: 90/90 MP: 15/23
 10475 | D:9      | Noticed Harold
 10497 | D:9      | Killed Harold
 10497 | D:9      | Reached *** piety under Sif Muna
 10497 | D:9      | Reached skill level 10 in Fighting
 10497 | D:9      | Reached skill level 5 in Summonings
 10644 | D:9      | Identified the +4 spear of Temperance {vamp, *Rage rF++
                  | rN+++ Int-4} (You found it on level 9 of the Dungeon)
 10837 | D:9      | Got a sapphire-encrusted leather armour
 10944 | D:9      | Identified the +6 leather armour "Zoynu" {Dex+3} (You found
                  | it on level 9 of the Dungeon)
 10986 | Lair:1   | Entered Level 1 of the Lair of Beasts
 11329 | Lair:1   | Noticed a five-headed hydra
 11628 | D:9      | Killed a one-headed hydra
 11628 | D:9      | Reached **** piety under Sif Muna
 11628 | D:9      | Reached skill level 5 in Poison Magic
 11640 | D:10     | Entered Level 10 of the Dungeon
 11932 | Lair:1   | You fall through a shaft!
 11982 | Lair:2   | Got a distressingly furry robe
 12332 | Lair:2   | Noticed a six-headed hydra
 12344 | Lair:2   | Killed a one-headed hydra
 12344 | Lair:2   | Reached XP level 12. HP: 40/99 MP: 25/25
 12463 | Lair:2   | Reached skill level 10 in Spellcasting
 12473 | Lair:2   | Reached skill level 5 in Armour
 12637 | Lair:2   | Learned a level 4 spell: Summon Ice Beast
 12671 | Lair:2   | Found a staircase to the Shoals.
 12809 | Lair:2   | Noticed Urug
 12828 | Lair:2   | Killed Urug
 12828 | Lair:2   | Reached ***** piety under Sif Muna
 12828 | Lair:2   | Reached skill level 5 in Air Magic
 13659 | Lair:1   | Identified Sif Muna's Collected Works on Feathers and the
                  | Entourage (Sif Muna gifted it to you on level 1 of the Lair
                  | of Beasts)
 13659 | Lair:1   | Received a gift from Sif Muna
 14023 | Lair:3   | Learned a level 5 spell: Aura of Abjuration
 14030 | Lair:3   | Noticed an eight-headed hydra
 14041 | Lair:3   | Killed a five-headed hydra
 14739 | Lair:3   | Found a hole to the Spider Nest.
 14793 | Lair:3   | Noticed Sonja
 14800 | Lair:3   | Killed Sonja
 14800 | Lair:3   | Reached skill level 1 in Ice Magic
 15611 | Lair:4   | Reached XP level 13. HP: 104/104 MP: 20/27
 16086 | Lair:4   | Reached skill level 10 in Poison Magic
 16552 | Lair:5   | Learned a level 2 spell: Blink
 16620 | Lair:5   | Reached skill level 5 in Ice Magic
 16837 | Lair:5   | Found a viscous altar of Jiyva.
 16837 | Lair:5   | Found a staircase to the Slime Pits.
 17400 | Lair:5   | Reached skill level 1 in Translocations
 17407 | Lair:5   | Reached skill level 5 in Dodging
 17593 | Lair:6   | Entered Level 6 of the Lair of Beasts
 17615 | Lair:6   | Mangled by a spiny frog

Skill      XL: |  1  2  3  4  5  6  7  8  9 10 11 12 13 |
---------------+----------------------------------------+-----
Conjurations   | 1 |  1.0
Fighting       | 1 2 3 4 6 8 9 10 | 10.6
Armour         | 1 2 3 4 6 7 |  7.7
Air Magic      | 1 2 3 4 5 |  5.0
Spellcasting   | 3 4 5 7 8 9 10 | 10.0
Hexes          | 2 5 |  5.6
Summonings     | 4 5 |  5.6
Poison Magic   | 6 9 10 | 10.0
Ice Magic      | 3 5 |  5.0
Dodging        | 5 |  5.4
Translocations | 1 |  1.6
Stealth        | |  2.1

Action                   |  1- 3 |  4- 6 |  7- 9 | 10-12 | 13-15 || total
-------------------------+-------+-------+-------+-------+-------++-------
Melee: Unarmed           |    13 |       |       |       |       ||    13
       Club              |    23 |       |       |       |       ||    23
       Hunting sling     |       |       |     2 |       |       ||     2
       Hand axe          |       |       |    12 |    20 |       ||    32
       Lajatang          |       |       |    56 |   238 |    76 ||   370
       Spear             |       |       |       |    22 |       ||    22
       Hand crossbow     |       |       |       |    26 |       ||    26
 Fire: Hunting sling     |    17 |   168 |   130 |    39 |       ||   354
       Hand crossbow     |       |       |       |    91 |    30 ||   121
Throw: Tomahawk          |       |       |       |       |     1 ||     1
 Cast: Sting             |    24 |     4 |     4 |     1 |       ||    33
       Poisonous Vapours |    20 |    19 |    73 |   130 |    54 ||   296
       Mephitic Cloud    |       |       |     3 |     7 |     1 ||    11
       Olgreb's Toxic Ra |       |       |     4 |    28 |    11 ||    43
       Dazzling Spray    |       |       |     8 |    27 |     6 ||    41
       Summon Lightning  |       |       |       |     4 |     1 ||     5
       Summon Ice Beast  |       |       |       |     1 |       ||     1
       Blink             |       |       |       |       |     1 ||     1
Invok: Divine Energy     |       |       |     1 |       |       ||     1
  Use: Scroll            |       |     7 |    12 |    13 |       ||    32
       Potion            |       |       |       |     6 |       ||     6
 Stab: Sleeping          |     2 |       |       |     1 |     1 ||     4
       Confused          |       |       |     1 |       |       ||     1
       Invisible         |       |       |       |     3 |       ||     3
       Distracted        |       |       |       |     1 |       ||     1
  Eat: Chunk             |     3 |     8 |     6 |    19 |     6 ||    42
       Ration            |       |       |     4 |     4 |       ||     8
Armor: Robe              |     5 |     8 |    35 |    44 |       ||    92
       Leather armour    |       |       |       |   209 |   125 ||   334
Dodge: Dodged            |    31 |    39 |   142 |   419 |   176 ||   807
Block: Other             |     7 |     8 |     9 |       |       ||    24
